cohdb
Replays
Latest Replays
All Replays
Popular Replays
Top Player Replays
Match Explorer
How It Works
Community
CoH3 Stats
Reddit
Sign in to upload your games and track your stats! →
Sign in with Steam
Match 45589977
Unlisted
Match 45589977
Overview
Messages
Build Orders
End
Kradschützen Motorcycle Team
250 Light Carrier
Selects Panzerjäger Kommand Battlegroup
Selects Mine Fields
Panzergrenadier Squad
Construct Light Support Kompanie
Combat Half-tracks
Panzergrenadier Squad
Fire Support Elements
Selects Tank Busters
Flakvierling Half-track
Panzerjäger Mechanized Group
Panzergrenadier Squad
Vehicle Survival Package
Selects Defensive Positions
Veteran Squad Leaders
Panzerjäger Mechanized Group
Selects Butterfly Bomb Drop
Construct Panzerarmee Kommand
Selects Crew Shock Tactics
Cpt Darling
jwalker987
setana
mr.napalman
0
0
Comments
sign in to comment!
No comments posted yet!